 Dungeon Crawl Stone Soup version 0.22-a0-348-gd16d139 (webtiles) character file.

18 Amnesiac the Cutter (level 2, -2/15 HPs)
             Began as a Vine Stalker Gladiator on Apr 9, 2018.
             Slain by a scorpion (4 damage)
             ... on level 2 of the Dungeon.
             The game lasted 00:00:36 (1007 turns).

Amnesiac the Cutter (Vine Stalker Gladiator)        Turns: 1007, Time: 00:00:36

Health: -2/15      AC:  4    Str: 16    XL:     2   Next: 66%
Magic:  0/3        EV: 12    Int:  8    God:
Gold:   30         SH:  0    Dex: 15    Spells: 1/1 levels left

rFire    . . .     SeeInvis .   e - +1 short sword (holy)
rCold    . . .     Gourm    .   (no shield)
rNeg     . . .     Faith    .   b - +0 leather armour
rPois    .         Spirit   +   c - +0 helmet
rElec    .         Reflect  .   (no cloak)
rCorr    .         Harm     .   (no gloves)
MR       .....                  (no boots)
Stlth    +.........             (no amulet)
HPRegen  0.05/turn              (no ring)
MPRegen  0.08/turn              (no ring)

@: lethally poisoned (-2 -> -10)
A: fangs 2, magic shield, antimagic bite, no potion heal 3, rot immunity
a: no special abilities


You were on level 2 of the Dungeon.
You were not hungry.

You visited 1 branch of the dungeon, and saw 2 of its levels.

You collected 30 gold pieces.

Inventory:

Hand Weapons
 e - a +1 short sword of holy wrath (weapon)
Missiles
 d - 3 throwing nets (quivered)
 i - 6 tomahawks
Armour
 b - a +0 leather armour (worn)
 c - a +0 helmet (worn)
Scrolls
 g - 3 scrolls of identify {!r, unknown}
Potions
 a - a potion of cancellation {!q, unknown}
Comestibles
 f - a ration


   Skills:
 - Level 1.7 Fighting
 + Level 3.5 Short Blades
 - Level 1.7 Throwing
 - Level 2.4 Dodging


You had one spell level left.
You didn't know any spells.

Dungeon Overview and Level Annotations

Branches:
Dungeon (2/15)

Altars:


Innate Abilities, Weirdness & Mutations

You have extremely sharp teeth.
When hurt, damage is shared between your health and your magic reserves.
Your bite disrupts and absorbs the magic of your enemies.
Potions cannot restore your health.
You are immune to rotting.


Message History

No target in view!
No target in view!
No target in view!
No target in view!
No target in view!
No target in view!
No target in view!
You butcher the bat corpse.
h - 5 chunks of flesh (gained 1) Some of the chunks of flesh in your inventory have rotted away.
You see here a club.
You butcher the frilled lizard corpse.
h - 3 chunks of flesh (gained 1)
i - 6 tomahawks You see here a club.
You see here a ring mail.
Key pressed, stopping explore.
No target in view!
You see here a ring mail.
Key pressed, stopping explore.
No target in view!
Some of the chunks of flesh in your inventory have rotted away.
Found a ring mail.
No target in view!
You open the door.
You see here a ring mail.
Key pressed, stopping explore.
No target in view!
There is an open door here.
There is an open door here.
There is a stone staircase leading down here.
Done exploring.
No target in view!
Done exploring.
No target in view!
Done exploring.
No target in view!
Done exploring.
No target in view!
Some of the chunks of flesh in your inventory have rotted away.
All of the chunks of flesh in your inventory have rotted away.
There is a stone staircase leading down here.
You climb downwards.
A scorpion comes into view.
Found a green potion, a fizzy brown potion and 9 gold pieces.
Found a stone staircase leading down.
There is a stone staircase leading up here.
A hobgoblin comes into view.
There are monsters nearby!
The scorpion stings you.
You are poisoned.
The scorpion poisons you!
Found a ration.
There are monsters nearby!
You hit the scorpion but do no damage.
You feel sick.
There are monsters nearby!
You closely miss the scorpion. The scorpion stings you!
* * * LOW HITPOINT WARNING * * *
The hobgoblin hits you.
* * * LOW HITPOINT WARNING * * *
You are too injured to fight recklessly!
* * * LOW HITPOINT WARNING * * *
You feel sick. The scorpion stings you.
You die...

#### ....###
.......########
...$.!.!>....#
#......##.#
#<@.....#
#.....#s#.###
#.......#g....#
#.##......#.#.#
##.........
#...#.. ###
##......
#...... ##
#%#..


You could see a scorpion and a hobgoblin.

Vanquished Creatures
  A dart slug (D:1)
  A ball python (D:1)
  2 goblins (D:1)
  3 hobgoblins (D:1)
  A kobold (D:1)
  4 bats (D:1)
  A frilled lizard (D:1)
  A rat (D:1)
14 creatures vanquished.

Notes
Turn   | Place    | Note
-------+----------+-------------------------------------------
     0 | D:1      | Amnesiac the Vine Stalker Gladiator began the quest for the Orb.
     0 | D:1      | Reached XP level 1. HP: 11/11 MP: 2/2
   171 | D:1      | Reached skill level 3 in Short Blades
   180 | D:1      | Reached XP level 2. HP: 4/15 MP: 1/3
  1002 | D:2      | Noticed a scorpion
  1007 | D:2      | Slain by a scorpion

Vault maps used:
D:1:      minmay_arrival_jagged, minmay_misc_feat_tower, item_on_display_a
D:2:      gammafunk_temple_overflow_wave, fiery_altar_vehumet, first_ration,
          minmay_misc_feat_enclosed

Skill      XL: |  1 |
---------------+----+-----
Short Blades   | 3 |  3.5
Fighting       | |  1.7
Throwing       | |  1.7
Dodging        | |  2.4

Action                   || total
-------------------------++-------
Melee: Rapier            ||    14
       Bite              ||    10
       Short sword       ||    26
Armor: Leather armour    ||    16
Dodge: Dodged            ||    35

Table legend:
 A = Spawn XP
 B = Non-spawn XP
 C = Spawn XP percentage of total XP
 D = Spawn monster count
 E = Non-spawn monster count
 F = Spawn count percentage of total count
 G = Total turns spent on level
                    A         B        C        D         E        F      G
               +---------+---------+-------+---------+---------+-------+---------
         Total |       0 |      26 |   0.0 |       0 |      14 |   0.0 |  1007
               +---------+---------+-------+---------+---------+-------+---------
           D:1 |       0 |      26 |   0.0 |       0 |      14 |   0.0 |  1002
               +---------+---------+-------+---------+---------+-------+---------
